 Dungeon Crawl Stone Soup version 0.29.1-15-g9cfb28693d (webtiles) character file.

Game seed: 18172220034518350012

2470 Cheops the Spear-Bearer (level 9, -9/61 HPs)
             Began as a Merfolk Gladiator on Mar 27, 2023.
             Was a Follower of the Shining One.
             Mangled by a two-headed ogre
             ... wielding a +0 dire flail
              (20 damage)
             ... on level 8 of the Dungeon.
             The game lasted 00:28:49 (7860 turns).

Cheops the Spear-Bearer (Merfolk Gladiator)         Turns: 7860, Time: 00:28:49

Health: -9/61      AC: 10    Str: 25    XL:     9   Next: 51%
Magic:  12/12      EV: 13    Int:  7    God:    the Shining One [*.....]
Gold:   252        SH:  5    Dex: 15    Spells: 8/8 levels left

rFire   . . .      SeeInvis .   a - +0 trident
rCold   . . .      Faith    +   m - +0 buckler
rNeg    . . .      Spirit   .   F - +0 troll leather armour {Pargi}
rPois   .          Reflect  .   c - +0 helmet
rElec   .          Harm     .   (no cloak)
rCorr   .          Rampage  .   (no gloves)
Will    .....                   u - +0 pair of boots
Stlth   +.........              s - amulet of faith
HPRegen 1.00/turn               o - +4 ring of protection
MPRegen 0.13/turn               W - +6 ring of strength

@: glowing
A: (nimble swimmer 2), mertail
a: Renounce Religion, Divine Shield


You were on level 8 of the Dungeon.
You worshipped the Shining One.
The Shining One was aware of your devotion.
You visited 2 branches of the dungeon, and saw 9 of its levels.
You also visited: Sewer and Ossuary.

You collected 356 gold pieces.
You spent 104 gold pieces at shops.

Inventory:

Hand Weapons
 a - a +0 trident (weapon)
 y - a +4 hand axe
 N - a +0 halberd
Missiles
 d - 3 throwing nets (quivered)
 e - a javelin
Armour
 b - a +0 leather armour
 c - a +0 helmet (worn)
 m - a +0 buckler (worn)
 u - a +0 pair of boots (worn)
 v - a +0 ring mail
 z - a +0 chain mail
 F - a +0 troll leather armour (worn) {Pargi}
 U - +0 steam dragon scales
Jewellery
 o - a +4 ring of protection (left hand)
 s - an amulet of faith (around neck)
 M - an amulet of reflection
 V - an amulet of magic regeneration
 W - a +6 ring of strength (right hand)
Wands
 g - a wand of digging (4)
 H - a wand of charming (7)
 P - a wand of quicksilver (5)
Scrolls
 j - a scroll of enchant armour
 n - 7 scrolls of fear {unknown}
 r - a scroll of poison {unknown}
 t - 3 scrolls of teleportation
 A - 2 scrolls of silence {unknown}
 B - 2 scrolls of blinking {unknown}
 E - a scroll of summoning {unknown}
 I - a scroll of magic mapping {unknown}
 J - 2 scrolls of brand weapon {unknown}
 L - 2 scrolls of amnesia {unknown}
 O - a scroll of torment {unknown}
 Q - 2 scrolls of noise {unknown}
 R - a scroll of vulnerability {unknown}
 S - a scroll of enchant weapon {unknown}
 T - a scroll of immolation {unknown}
Potions
 f - 3 potions of brilliance
 h - 11 potions of curing
 i - 5 potions of lignification {unknown}
 k - 7 potions of heal wounds {unknown}
 l - 2 potions of attraction {unknown}
 p - 4 potions of berserk rage {unknown}
 q - 4 potions of flight {unknown}
 w - a potion of magic {unknown}
 x - a potion of ambrosia {unknown}
 C - 2 potions of mutation {unknown}
 D - 2 potions of might
 G - a potion of haste {unknown}
 K - a potion of cancellation


   Skills:
 - Level 2.1 Fighting
 - Level 14.0 Polearms
 - Level 2.0 Throwing
 - Level 2.0 Armour
 - Level 4.0 Dodging
 - Level 3.0 Shields
 - Level 5.0 Invocations
 + Level 2.0 Evocations


You had 8 spell levels left.
You didn't know any spells.
Your spell library contained the following spells:

 Spells                   Type           Power      Damage    Failure   Level
 Beastly Appendage        Tmut           0%         N/A       56%         1
 Freeze                   Ice            0%         1d3       56%         1
 Shock                    Conj/Air       0%         1d3       56%         1
 Wereblood                Tmut           0%         N/A       71%         2
 Frozen Ramparts          Ice            0%         1d1       91%         3
 Spider Form              Tmut/Pois      0%         N/A       91%         3
 Swiftness                Air            0%         N/A       91%         3
 Airstrike                Air            0%         2d(0-16)  100%        4
 Hailstorm                Conj/Ice       0%         3d3       100%        4
 Fireball                 Conj/Fire      0%         3d3       100%        5
 Starburst                Conj/Fire      0%         6d3       100%        6
 Ignition                 Fire           0%         3d3       100%        8


Dungeon Overview and Level Annotations

Branches:
Dungeon (8/15)             Temple (1/1) D:5           Sewer (visited)
Ossuary (visited)
   Lair: D:8-11

Altars:
Ashenzari
Cheibriados
Elyvilon
Gozag
Kikubaaqudgha
Ru
Sif Muna
Trog
Uskayaw
Vehumet
Xom
The Shining One

Shops:
D:5 *


Innate Abilities, Weirdness & Mutations

((You are very nimble when in or above water. (Stealth+, EV+, Speed+++)))
Your lower body shifts to a powerful aquatic tail in water.


Message History

Found a pair of boots.
There is an open door, spattered with blood here.
Unknown command.
No target in view!
No target in view!
No target in view!
No target in view!
No target in view!
No target in view!
No target in view!
A two-headed ogre comes into view.
It is wielding a +0 dire flail and a +0 giant spiked club.
The two-headed ogre shouts in stereo!
A two-headed ogre is nearby!
A two-headed ogre is nearby!
Aiming: Quicksilver Bolt
Press: ? - help, Shift-Dir - straight line, f - two-headed ogre
Aim: a two-headed ogre, wielding a +0 dire flail and a +0 giant spiked club (86% to hit)
The bolt of dispelling energy hits the two-headed ogre!!
The two-headed ogre is moderately wounded.
You reach to attack!
You hit the two-headed ogre.
The two-headed ogre is moderately wounded.
You reach to attack!
You puncture the two-headed ogre!
The two-headed ogre is heavily wounded.
You hit the two-headed ogre but do no damage.
The two-headed ogre is heavily wounded.
You hit the two-headed ogre.
The two-headed ogre is severely wounded.
The two-headed ogre hits you with a +0 dire flail!!
The two-headed ogre hits you with a +0 giant spiked club!!
* * * LOW HITPOINT WARNING * * *
You hit the two-headed ogre.
The two-headed ogre is severely wounded.
Aiming: Quicksilver Bolt
Press: ? - help, Shift-Dir - straight line, f/p - two-headed ogre
Aim: a two-headed ogre, wielding a +0 dire flail and a +0 giant spiked club (severely wounded, haloed, 91% to hit)
The bolt of dispelling energy hits the two-headed ogre!!
The two-headed ogre is almost dead.
The two-headed ogre barely misses you.
The two-headed ogre hits you with a +0 giant spiked club!!
You die...

....# ....# #.......# #..
....# +.......# #.. ....#
#.......# #.. ....#
#.......# #. ....#
#.......# #. .......
........#######+ #.
#+##... .......O........
+. ...+ ..
.......@........ #. ...#
. $............... #. ..#
................ #.
#######............... #+
+.....####+###........
#......<.....#........
##...........#........
######+####.....'........
...##....##.....#........


You could see a two-headed ogre.

Vanquished Creatures
  2 wyverns
  A steam dragon (D:6)
  A water moccasin (D:7)
  A sky beast (D:7)
  Pargi (Sewer)
  2 black bears
  An ogre (D:5)
  An ice beast (D:5)
  2 centaurs (D:6)
  A bullfrog (D:7)
  A scorpion (D:5)
  6 water moccasin zombies (Ossuary)
  2 wights (D:8)
  A howler monkey (D:6)
  3 hounds (D:5)
  A jelly (D:6)
  2 orc priests
  A gnoll bouda (D:5)
  Jessica (D:3)
  Ijyb (D:3)
  Terence (D:3)
  2 orc wizards
  An iguana (D:5)
  3 mummies
  3 gnolls (D:5)
  8 adders
  A shadow imp (D:6)
  4 white imps
  3 adder zombies (Ossuary)
  A worm (D:3)
  3 dart slugs
  17 orcs
  8 ball pythons
  7 endoplasms
  5 giant cockroaches
  5 goblins
  4 hobgoblins
  2 jackals (D:1)
  8 quokkas
  7 bats
  9 frilled lizards
  7 gnoll zombies (Ossuary)
  2 hobgoblin zombies (Ossuary)
  10 kobolds
  8 kobold zombies (Ossuary)
  3 orc zombies (Ossuary)
  3 rats
167 creatures vanquished.

Notes
Turn   | Place    | Note
-------+----------+-------------------------------------------
     0 | D:1      | Cheops the Merfolk Gladiator began the quest for the Orb.
     0 | D:1      | Reached XP level 1. HP: 16/16 MP: 1/1
   354 | D:1      | Reached XP level 2. HP: 22/22 MP: 2/2
   453 | D:1      | Reached skill level 5 in Polearms
   453 | D:1      | Found a faded altar of an unknown god.
  1089 | D:2      | Reached XP level 3. HP: 25/27 MP: 3/3
  1205 | D:2      | Reached skill level 1 in Shields
  1918 | D:3      | Reached XP level 4. HP: 33/33 MP: 4/4
  2097 | D:3      | Noticed Jessica
  2483 | D:3      | Noticed Terence
  2555 | D:3      | Reached skill level 6 in Polearms
  2555 | D:3      | Reached XP level 5. HP: 30/38 MP: 5/5
  2584 | D:3      | Noticed Ijyb
  2621 | D:3      | Killed Ijyb
  2651 | D:3      | Killed Jessica
  3295 | D:4      | Noticed a black bear
  3305 | D:4      | Killed a black bear
  3306 | D:4      | Reached skill level 7 in Polearms
  3306 | D:4      | Reached skill level 1 in Armour
  3306 | D:4      | Reached XP level 6. HP: 44/44 MP: 6/6
  3339 | D:4      | Found a sand-covered staircase.
  3350 | Ossuary  | Entered an ossuary
  3482 | Ossuary  | Reached skill level 8 in Polearms
  3482 | Ossuary  | Reached XP level 7. HP: 35/50 MP: 7/7
  3711 | Ossuary  | Reached skill level 9 in Polearms
  4733 | D:5      | Entered Level 5 of the Dungeon
  4759 | D:5      | Reached skill level 10 in Polearms
  4818 | D:5      | Found a staircase to the Ecumenical Temple.
  4835 | Temple   | Entered the Ecumenical Temple
  4846 | Temple   | Became a worshipper of the Shining One
  4977 | D:5      | Reached XP level 8. HP: 56/56 MP: 8/8
  5034 | D:5      | Found a glowing drain.
  5069 | D:5      | Reached skill level 11 in Polearms
  5078 | Sewer    | Entered a sewer
  5102 | Sewer    | Noticed Pargi
  5143 | Sewer    | Killed Pargi
  5407 | D:5      | Identified the +10 short sword "Sotess" {flame, MP+9}
  5437 | D:5      | Found Besiully's Assorted Antiques.
  5443 | D:5      | Bought a scroll of identify for 52 gold pieces
  5443 | D:5      | Bought a scroll of identify for 52 gold pieces
  5480 | D:5      | Reached skill level 1 in Invocations
  5616 | D:5      | Reached skill level 12 in Polearms
  6083 | D:3      | Killed Terence
  7006 | D:6      | Reached skill level 13 in Polearms
  7006 | D:6      | Reached XP level 9. HP: 47/61 MP: 11/11
  7546 | D:7      | Found an ancient bone altar of Kikubaaqudgha.
  7546 | D:7      | Found a snail-covered altar of Cheibriados.
  7788 | D:8      | Reached * piety under the Shining One
  7813 | D:8      | Reached skill level 14 in Polearms
  7842 | D:8      | Reached skill level 5 in Invocations
  7850 | D:8      | Noticed a two-headed ogre
  7860 | D:8      | Mangled by a two-headed ogre

Illustrated notes

Levels and vault maps discovered:
D:1:      evilmike_arrival_rings, layout_rooms,
          hellmonk_ecumenical_altar_pennies_from_heaven
D:2:      minmay_door_path, layout_basic, serial_rivers,
          chequers_serial_rivers_large_a, chequers_serial_rivers_small_3,
          chequers_serial_rivers_room_b, chequers_serial_rivers_room_b
D:3:      layout_basic, uniq_jessica, uniq_terence, uniq_ijyb
D:4:      layout_loops_corners, gup_ossuary_entry_pyramid,
          minmay_stone_trees_small, item_on_display_a
D:5:      layout_loops_ring, minmay_temple_entry_proselytizer, serial_shops,
          nicolae_shop_temple_entry_statues_fountains, portal_sewer_entry_f
D:6:      layout_basic, minmay_pentangle
D:7:      layout_rooms, chequers_temple_overflow_statue_of_worship,
          nicolae_fountain_basement
D:8:      layout_gridville, the_hattery
Temple:   hellmonk_temple_of_storms

Skill      XL: |  1  2  3  4  5  6  7  8  9 |
---------------+----------------------------+-----
Polearms       | 5 6 7 8 10 13 14 | 14.0
Shields        | 2 3 |  3.0
Armour         | 1 2 |  2.0
Invocations    | 3 5 |  5.0
Evocations     | 2 |  2.0
Fighting       | |  2.1
Throwing       | |  2.0
Dodging        | |  4.0

Action                   |  1- 3 |  4- 6 |  7- 9 || total
-------------------------+-------+-------+-------++-------
Melee: Trident           |   112 |   152 |   510 ||   774
       Tailslap          |     1 |       |     7 ||     8
Evoke: Wand              |       |       |     2 ||     2
  Use: Scroll            |       |     3 |     4 ||     7
 Stab: Sleeping          |     2 |       |       ||     2
Armor: Leather armour    |    24 |    20 |       ||    44
       Ring mail         |       |    25 |    68 ||    93
       Troll leather arm |       |       |    44 ||    44
Dodge: Dodged            |    62 |    53 |   177 ||   292
Block: Buckler           |       |    14 |    76 ||    90
